 Dungeon Crawl Stone Soup version 0.28.0 (webtiles) character file.

Game seed: 5325805023274885287

534 AmazingTV the Vandal (level 7, 0/60 HPs)
             Began as a Minotaur Hunter on Mar 23, 2024.
             Slain by a gnoll (8 damage)
             ... on level 5 of the Dungeon.
             The game lasted 00:11:37 (5304 turns).

AmazingTV the Vandal (Minotaur Hunter)              Turns: 5304, Time: 00:11:37

Health: 0/60       AC:  4    Str: 19    XL:     7   Next: 4%
Magic:  6/6        EV: 11    Int:  8    God:
Gold:   209        SH:  0    Dex: 10    Spells: 6/6 levels left

rFire   . . .      SeeInvis .   a - +1 war axe (venom) {axe}
rCold   . . .      Faith    .   (no shield)
rNeg    . . .      Spirit   .   c - +0 leather armour
rPois   +          Reflect  .   (helmet restricted)
rElec   .          Harm     .   (no cloak)
rCorr   .          Rampage  .   (no gloves)
Will    .....                   l - +0 pair of boots
Stlth   +.........              (no amulet)
HPRegen 0.20/turn               p - ring of poison resistance
MPRegen 0.10/turn               (no ring)

@: no status effects
A: horns 2, retaliatory headbutt
a: no special abilities


You were on level 5 of the Dungeon.
You visited 1 branch of the dungeon, and saw 5 of its levels.

You collected 209 gold pieces.


Innate Abilities, Weirdness & Mutations

You have a pair of horns on your head.
You reflexively headbutt those who attack you in melee.


   Skills:
 + Level 4.5 Fighting
 + Level 3.2(3.9) Axes
 + Level 3.4(4.0) Maces & Flails
 + Level 5.4 Slings
 + Level 3.2 Armour
 - Level 2.1 Dodging
 - Level 0.7 Stealth
 + Level 3.4 Shields


You had 6 spell levels left.
You didn't know any spells.
Your spell library contained the following spells:

 Spells                   Type           Power      Damage    Failure   Level
 Animate Skeleton         Necr           0%         N/A       45%         1
 Apportation              Tloc           0%         N/A       45%         1
 Summon Small Mammal      Summ           0%         N/A       45%         1
 Dazzling Flash           Conj/Hex       0%         N/A       83%         3
 Iskenderun's Mystic Bla  Conj/Tloc      0%         2d3       99%         4
 Sticky Flame             Conj/Fire      0%         2d3       99%         4
 Starburst                Conj/Fire      0%         6d3       100%        6
 Spellforged Servitor     Conj/Summ      0%         N/A       100%        7

Inventory:

Hand Weapons
 a - a +1 war axe of venom (weapon) {axe}
   (You took it off an orc on level 4 of the Dungeon)
 b - a +1 hunting sling {sling}
 f - a +2 dagger of venom {short}
   (You took it off a kobold on level 1 of the Dungeon)
 s - a +0 trident of venom {polearm}
   (You took it off an orc on level 3 of the Dungeon)
 z - a +0 short sword {short}
 F - a +2 whip of venom {mace}
   (You took it off a gnoll shaman on level 5 of the Dungeon)
Missiles
 d - 5 sling bullets
 e - 61 arrows
 g - 93 stones (quivered)
 h - 7 boomerangs
 i - 55 bolts
 j - 8 poisoned darts
 A - 3 boomerangs of dispersal {=f!f}
Armour
 c - a +0 leather armour (worn)
 l - a +0 pair of boots (worn)
   (You found it on level 2 of the Dungeon)
 y - an orb of light
   (You found it on level 4 of the Dungeon)
Magical Staves
 k - a staff of death {!astaff}
   (You found it on level 1 of the Dungeon)
 o - a staff of air {!astaff}
   (You found it on level 2 of the Dungeon)
Jewellery
 p - a ring of poison resistance (left hand)
   (You found it on level 2 of the Dungeon)
 C - a ring of magical power
   (You found it on level 5 of the Dungeon)
Wands
 E - a wand of polymorph (6)
   (You found it on level 5 of the Dungeon)
Scrolls
 m - 4 scrolls of identify {unknown}
 n - a scroll of immolation {unknown}
 q - a scroll of acquirement {unknown}
 r - a scroll of fear {unknown}
 t - a scroll of amnesia {unknown}
 v - a scroll of noise {unknown}
 B - a scroll of torment {unknown}
 D - a scroll of teleportation {unknown}
Potions
 u - a potion of mutation {unknown}
 w - a potion of invisibility {unknown}
 x - a potion of haste {unknown}

Dungeon Overview and Level Annotations

Branches:
Dungeon (5/15)
 Temple: D:4-7

Altars:

Shops:
D:2 ( D:3

!
#.#.####.######..................
........................>........
#g#.####.##.###..###..#.#........
.................###..#.#........
.g.gg..g................g........
..######.##.###.####.g#..........
..# #g##.###.# #..#.#........ #.#
#.....##.####g.#.##....... ###
#.#<.....@.gg..#.##.###.##
#.##..##.####.##.##.# #.#
########.##..##.####.##.##.# #.#
.............##......##.##.# #.##
.......####.###########.##.# #.#.
######## #.# #######.##.###.#.
#.# #................ #.#
#######.######.#. #.# #.######.#.


You could see 3 gnolls.


Message History

The gnoll hits you with a +0 halberd. The gnoll closely misses you.
You furiously retaliate!
You headbutt the gnoll, but do no damage.
The gnoll barely misses you. 😕 HP[-1]
You take 1 damage, and now have 43/53 hp.
You hit the gnoll but do no damage.
The gnoll is poisoned.
You hit the gnoll but do no damage.
The gnoll looks as sick as possible!
You hit the gnoll shaman.
The gnoll shaman looks as sick as possible!
You kill the gnoll!
The gnoll shaman hits you with a +2 whip of venom.
The gnoll barely misses you.
The gnoll hits you from afar with a +0 halberd. 😮 HP[-11]
You take 11 damage, and now have 32/53 hp.
MASSIVE DAMAGE!! (PAUSE)
You kill the gnoll shaman!
The gnoll closely misses you. You furiously retaliate!
You headbutt the gnoll!
Things that are here:
a +0 halberd {polearm}; a gnoll corpse You slash the gnoll!
You kill the gnoll!
You hit the gnoll.
The gnoll looks as sick as possible!
The gnoll closely misses you. You furiously retaliate!
You headbutt the gnoll!
You kill the gnoll!
You start resting. 😎 HP[+21]
Your hp is fully restored (53).
Things that are here:
a +0 flail {mace}; a gnoll corpse You see here a +0 halberd {polearm}.
Things that are here:
a +2 whip of venom {mace}; a +0 robe; a gnoll corpse
F - a +2 whip of venom {mace} Your +1 war axe of venom {axe} stops dripping with poison.
b - a +1 hunting sling (weapon)
{sling} The gnoll shaman shouts!
The gnoll shouts!
You shoot a stone. The stone closely misses the gnoll.
You shoot a stone. The stone closely misses the gnoll.
The stone hits the gnoll shaman.
The gnoll shaman calls upon its god to speed up the gnoll.
The gnoll seems to speed up.
You hear a shout!
You shoot a stone. The stone closely misses the gnoll.
The stone hits the gnoll shaman!
You shoot a stone.
The stone hits the gnoll but does no damage.
The gnoll hits you from afar with a +1 halberd of protection!
The gnoll closely misses you. 😕 HP[-8]
You take 8 damage, and now have 45/53 hp.
Your +1 war axe of venom {axe} begins to drip with poison!
a - a +1 war axe of venom (weapon)
{axe} The gnoll barely misses you.
You furiously retaliate!
You headbutt the gnoll, but do no damage.
The gnoll hits you with a +1 halberd of protection! 😮 HP[-9]
You take 9 damage, and now have 36/53 hp.
You barely miss the gnoll.
The gnoll shouts!
You headbutt the gnoll, but do no damage.
The gnoll barely misses you. The gnoll misses you.
The gnoll shaman utters an invocation to its god.
The gnoll shaman is healed somewhat.
You hit the gnoll but do no damage.
The gnoll is poisoned.
Your headbutt misses the gnoll.
The gnoll hits you with a +1 halberd of protection. 😮 HP[-3]
You take 3 damage, and now have 33/53 hp.
You hit the gnoll shaman.
The gnoll shaman is poisoned.
The gnoll barely misses you. The gnoll misses you. 😮 HP[+1]
You hit the gnoll shaman.
The gnoll shaman looks as sick as possible!
The gnoll shaman hits you with a +0 whip.
The gnoll hits you from afar with a +1 halberd of protection!
* * * LOW HITPOINT WARNING * * *
The gnoll shaman calls upon its god to speed up the gnoll.
The gnoll seems to speed up.
The gnoll closely misses you. 😨 HP[-16]
You take 16 damage, and now have 18/53 hp.
MASSIVE DAMAGE!! (PAUSE)
The gnoll hits you from afar with a +0 spear.
* * * LOW HITPOINT WARNING * * *
😱 HP[-5]
You take 5 damage, and now have 13/53 hp.
The gnoll hits you from afar with a +0 spear!
* * * LOW HITPOINT WARNING * * *
😱 HP[-7]
You take 7 damage, and now have 6/53 hp.
You kill the gnoll shaman!
The gnoll closely misses you.
You have reached level 7! 😱 HP[+1] MP[+1]
You now have 60 max hp (+7).
Your mp is fully restored (6). 😱 HP[+1]
The gnoll hits you from afar with a +0 spear!
You die...

Skill      XL: |  1  2  3  4  5  6 |
---------------+-------------------+-----
Maces & Flails | 1 2 3 |  3.4
Axes           | 1 2 3 |  3.2
Armour         | 1 2 3 |  3.2
Shields        | 1 2 3 |  3.4
Fighting       | 3 4 |  4.5
Slings         | 5 |  5.4
Dodging        | |  2.1
Stealth        | |  0.7

Action                   |  1- 3 |  4- 6 |  7- 9 || total
-------------------------+-------+-------+-------++-------
Melee: Short sword       |    48 |    25 |       ||    73
       Headbutt          |     8 |    14 |       ||    22
       War axe           |       |    43 |       ||    43
 Fire: Hunting sling     |    58 |    59 |       ||   117
Throw: Stone             |     5 |       |       ||     5
Armor: Leather armour    |    11 |    15 |       ||    26
Dodge: Dodged            |    27 |    60 |       ||    87

Levels and vault maps discovered:
D:1:      amcnicky_arrival_underground_garden, layout_loops_cross,
          serial_forest, infiniplex_forest_lined_2,
          infiniplex_forest_lined_corner, infiniplex_forest_lined_2,
          infiniplex_forest_clump_C, infiniplex_forest_lined_room_2,
          infiniplex_forest_diagonal, infiniplex_forest_lined_room_2,
          infiniplex_forest_straight_3
D:2:      kennysheep_six_static_rooms, layout_basic, serial_shops,
          nicolae_shop_bloodbath_and_beyond
D:3:      layout_rooms, nicolae_ecumenical_pavilion, serial_shops,
          nicolae_shop_hallway_stairs
D:4:      layout_cave_pods
D:5:      layout_basic

Notes
Turn   | Place    | Note
-------+----------+-------------------------------------------
     0 | D:1      | AmazingTV the Minotaur Hunter began the quest for the Orb.
     0 | D:1      | Reached XP level 1. HP: 18/18 MP: 0/0
     0 | D:1      | magus.rc [v1.9.6]
    39 | D:1      | You add the spells Sticky Flame and Spellforged Servitor to
                  | your library.
    39 | D:1      | Got Sehor's Incunabulum of the Blistering Escort
   238 | D:1      | Reached skill level 1 in Maces & Flails
   238 | D:1      | Reached XP level 2. HP: 15/25 MP: 1/1
   393 | D:1      | Reached skill level 1 in Axes
   649 | D:1      | Reached skill level 1 in Armour
   861 | D:1      | Reached skill level 1 in Shields
   916 | D:1      | Reached XP level 3. HP: 30/30 MP: 2/2
   950 | D:1      | Reached skill level 3 in Fighting
  1428 | D:2      | You pick up a book of Cantrips and begin reading...
  1428 | D:2      | You add the spells Animate Skeleton, Summon Small Mammal
                  | and Apportation to your library.
  1463 | D:2      | Found Vicronud's Weapon Shoppe.
  2227 | D:3      | Found a faded altar of an unknown god.
  2277 | D:3      | Reached XP level 4. HP: 38/38 MP: 3/3
  2593 | D:3      | Found Liwk's Distillery.
  2918 | D:4      | Reached skill level 2 in Maces & Flails
  3321 | D:4      | Reached skill level 2 in Shields
  3322 | D:4      | Reached skill level 2 in Axes
  3322 | D:4      | Reached XP level 5. HP: 20/45 MP: 4/4
  3697 | D:4      | Reached skill level 2 in Armour
  3946 | D:5      | Entered Level 5 of the Dungeon
  3981 | D:5      | You pick up a book of Spectacle and begin reading...
  3981 | D:5      | You add the spells Dazzling Flash, Iskenderun's Mystic
                  | Blast and Starburst to your library.
  4187 | D:5      | Reached skill level 5 in Slings
  4403 | D:5      | Reached skill level 4 in Fighting
  4430 | D:5      | Reached XP level 6. HP: 52/52 MP: 5/5
  4787 | D:5      | Reached skill level 3 in Maces & Flails
  4892 | D:5      | Reached skill level 3 in Axes
  4892 | D:5      | Reached skill level 3 in Armour
  4892 | D:5      | Reached skill level 3 in Shields
  5297 | D:5      | HP: 13/53 [gnoll (5)]
  5298 | D:5      | HP: 6/53 [gnoll (7)]
  5301 | D:5      | Reached XP level 7. HP: 7/60 MP: 6/6
  5304 | D:5      | Slain by a gnoll

Vanquished Creatures
  A necrophage (D:5)
  An ogre (D:5)
  A water moccasin zombie (D:5)
  2 gnoll shamans (D:5)
  An orc wizard (D:4)
  3 hound skeletons
  A howler monkey zombie (D:5)
  6 gnolls
  2 adders
  An ufetubus (D:5)
  3 worms
  8 orcs
  8 bats
  7 endoplasms
  A giant cockroach (D:1)
  6 goblins
  5 hobgoblins
  5 jackals
  3 quokkas
  6 ball pythons
  5 frilled lizards
  4 kobolds
  7 rats
87 creatures vanquished.

Table legend:
 A = Non-vault XP
 B = Vault XP
 C = Vault XP percentage of total XP
 D = Non-vault monster count
 E = Vault monster count
 F = Vault count percentage of total count
                 A         B        C        D         E       F
            +---------+---------+-------+---------+---------+-------
      Total |     753 |      10 |   1.3 |      81 |       6 |   6.9
            +---------+---------+-------+---------+---------+-------
        D:1 |      47 |       0 |   0.0 |      25 |       0 |   0.0
        D:2 |      30 |      10 |  25.0 |      18 |       6 |  25.0
        D:3 |      44 |       0 |   0.0 |      14 |       0 |   0.0
        D:4 |      82 |       0 |   0.0 |       9 |       0 |   0.0
        D:5 |     550 |       0 |   0.0 |      15 |       0 |   0.0
            +---------+---------+-------+---------+---------+-------

Illustrated notes

Table legend:
 A = Kills in this place as a percentage of kills in entire the game.
 B = Kills by you in this place as a percentage of kills by you in the entire game.
 C = Kills by friends in this place as a percentage of kills by friends in the entire game.
 D = Other kills in this place as a percentage of other kills in the entire game.
 E = Experience gained in this place as a percentage of experience gained in the entire game.
 F = Experience gained in this place divided by the number of levels of this place that you have seen.
                   A       B       C       D       E      F
               +-------+-------+-------+-------+-------+----------------------
         Total | 100.0 | 100.0 |   N/A |   N/A | 100.0 | 152.6
       Dungeon | 100.0 | 100.0 |   N/A |   N/A | 100.0 | 152.6
               +-------+-------+-------+-------+-------+----------------------

Table legend: (Time is in decaauts)
 A = Elapsed time spent in this place.
 B = Non-inter-level travel time spent in this place.
 C = Inter-level travel time spent in this place.
 D = Time resting spent in this place.
 E = Time spent auto-exploring this place.
 F = Levels seen in this place.
 G = Mean time per level.
                   A        B        C        D        E       F      G
               +--------+--------+--------+--------+--------+-----+--------+
         Total |   5288 |   5112 |    176 |    963 |   3499 |   5 | 1057.6 |
       Dungeon |   5288 |   5112 |    176 |    963 |   3499 |   5 | 1057.6 |
               +--------+--------+--------+--------+--------+-----+--------+

Top non-repeatable levels by time:
     D:4: 1353 daAuts
     D:2: 1122 daAuts
     D:5: 1115 daAuts
     D:1: 1090 daAuts
     D:3: 607 daAuts
